AoeStats
← The Potato King

MegaRandom

509519053Analyzed
2v2 RM · 7d ago on Sep 27, 2026· 33m 30s· 4 players
Game mode
Random Map
Map size
Medium (4 player)
Population
200
Speed
Normal
Resources
Standard
Victory
Conquest
Starting age
Dark Age
Ending age
Imperial Age
RankedLock teamsTeams togetherTeam positionsShared explorationLock speedFull tech treeHidden civsTurbo modeCheats
Victory
Defeat
🇧🇷 Danes · Brazil
1228
+16
🇧🇷 Khmer · Brazil
1131
+21
🇬🇧 Franks · United Kingdom
1237
-19
🇲🇽 Tatars · Mexico
1220
-18
The Potato King
6:16 Loom
10:50 Feudal Age
13:58 Fletching
16:16 Padded Archer Armor
22:02 Castle Age
23:29 Bodkin Arrow
23:36 Husbandry
23:53 Leather Archer Armor
23:35 Double-Bit Axe
Angry (Achmed)
2:46 Loom
11:30 Feudal Age
Pikachu Pay
7:48 Loom
10:32 Feudal Age
10:46 Man-at-Arms
12:08 Arson
15:13 Horse Collar
15:50 Forging
18:58 Loom
21:57 Castle Age
23:27 Iron Casting
22:53 Scale Mail Armor
22:27 Long Swordsman
25:02 Gold Mining
30:17 Chain Mail Armor
33:15 Wheelbarrow
Mayckon8020
7:17 Loom
9:32 Feudal Age
9:52 Man-at-Arms
12:16 Double-Bit Axe
13:16 Arson
20:21 Castle Age
20:49 Wheelbarrow
20:00 Horse Collar
20:36 Long Swordsman
21:01 Gambesons
21:17 Squires
21:36 Scale Mail Armor
21:47 Forging
23:01 Bow Saw
25:41 Iron Casting
25:21 Chain Mail Armor
32:07 Pikeman
Connection lost

Rejoining the realm…

Still unreachable

The connection could not be restored.

Session expired

The server has moved on; the page needs a fresh start.